 Dungeon Crawl Stone Soup version 0.21-a0-128-gf2b353c (webtiles) character file.

5783 Lianjan the Covert (level 10, -7/76 HPs)
             Began as a Vampire Assassin on July 16, 2017.
             Was a Follower of Kikubaaqudgha.
             Mangled by a basilisk (9 damage)
             ... on level 8 of the Dungeon.
             The game lasted 00:25:47 (12369 turns).

Lianjan the Covert (Vampire Assassin)              Turns: 12369, Time: 00:25:48

Health: -7/76      AC:  0    Str: 10    XL:     10   Next: 50%
Magic:  10/10      EV:  5    Int: 17    God:    Kikubaaqudgha [*.....]
Gold:   375        SH:  0    Dex: 21    Spells: 2/9 levels left

rFire    . . .     SeeInvis +   (weapon currently unavailable)
rCold    . . .     Gourm    .   (shield currently unavailable)
rNeg     + + +     Faith    .   (armour currently unavailable)
rPois    ∞         Spirit   .   (helmet currently unavailable)
rElec    .         Reflect  .   (cloak currently unavailable)
rCorr    .         Harm     .   (gloves currently unavailable)
MR       +....                  (boots currently unavailable)
Stlth    +++++++...             (no amulet)
HPRegen  0.22/turn              (ring currently unavailable)
MPRegen  0.12/turn              (ring currently unavailable)

@: lethally poisoned (-7 -> -7), bat-form, petrified, flying, very quick
A: fangs 3, see invisible
a: End Transformation, Receive Corpses, Renounce Religion


You were on level 8 of the Dungeon.
You worshipped Kikubaaqudgha.
Kikubaaqudgha was aware of your devotion.
You were not thirsty.
You were in vampire-bat-form.
You visited 2 branches of the dungeon, and saw 9 of its levels.

You collected 375 gold pieces.

Inventory:

Hand Weapons
 a - a +0 rapier (melded)
 b - a +0 blowgun
Missiles
 e - 50 poisoned needles
 L - 5 steel tomahawks (quivered)
Armour
 c - a +0 helmet (melded)
 j - the +5 scale mail "Sodacs" (melded) {SInv}
   (You found it on level 4 of the Dungeon)

   It lets you see invisible.
 u - a +0 cloak (melded)
 z - a +0 ring mail
Jewellery
 m - a +6 ring of strength (melded)
 r - a ring of magical power (melded)
 C - an uncursed ring of poison resistance {unknown}
 I - an uncursed ring of protection from fire {unknown}
 O - a +2 amulet of reflection {unknown}
Wands
 f - a wand of digging (14/24)
 h - a wand of paralysis (0/24)
 t - a wand of digging (13/24)
 H - a wand of lightning (9/15)
 J - a wand of random effects (28/48)
 M - a wand of flame (10/48)
 N - a wand of digging (11/24)
 P - a wand of lightning (5/15)
Scrolls
 k - 6 scrolls of immolation {unknown}
 o - a scroll of fear
 q - 3 scrolls of recharging {unknown}
 s - 4 scrolls of enchant weapon {unknown}
 v - 6 scrolls of teleportation {unknown}
 x - 5 scrolls of identify {unknown}
 y - a scroll of enchant armour {unknown}
 B - 2 scrolls of amnesia {unknown}
 F - 4 scrolls of remove curse
 G - a scroll of blinking {unknown}
 K - 2 scrolls of fog {unknown}
Potions
 g - 2 potions of blood
 i - a potion of flight {unknown}
 l - 3 potions of curing
 n - a potion of brilliance {unknown}
 p - 3 potions of heal wounds {unknown}
 w - 2 potions of magic {unknown}
 A - 2 potions of lignification {unknown}
 D - 2 potions of resistance {unknown}
 E - a potion of mutation {unknown}
Books
 d - Kikubaaqudgha's Guide on Unholy Secrets
   (Kikubaaqudgha gifted it to you on level 8 of the Dungeon)

   Spells                             Type                      Level
   a - Animate Skeleton               Necromancy                   1
   b - Corpse Rot                     Necromancy                   2
   c - Sublimation of Blood           Necromancy                   2
   d - Regeneration                   Charms/Necromancy            3
   e - Control Undead                 Necromancy                   4


   Skills:
 + Level 5.9 Fighting
 * Level 11.4 Short Blades
 + Level 4.8 Throwing
 - Level 1.1 Dodging
 + Level 12.2 Stealth
 + Level 4.9 Necromancy


You had 2 spell levels left.
You knew the following spells:

 Your Spells              Type           Power        Failure   Level  Hunger
a - Animate Skeleton      Necr           N/A          3%          1    ##.....
b - Corpse Rot            Necr           N/A          4%          2    ###....
c - Control Undead        Necr           ###.......   30%         4    #####..


Dungeon Overview and Level Annotations

Branches:
Dungeon (8/15)             Temple (1/1) D:5
   Lair: D:8-11

Altars:
Ashenzari
Cheibriados
Dithmenos
Elyvilon
Fedhas
Gozag
Hepliaklqana
Kikubaaqudgha
Makhleb
Nemelex Xobeh
Okawaru
Qazlal
Ru
Sif Muna
Trog
Uskayaw
Vehumet
Wu Jian
Xom
Yredelemnul
Zin
The Shining One

Annotations:
D:4 tinyrick's ghost, amateur GrFi


Innate Abilities, Weirdness & Mutations

You have razor-sharp teeth.
You have supernaturally acute eyesight. (SInv)
((You can survive without breathing.))


Message History

Your limbs have turned to stone.
You have turned to stone.
The crimson imp hits you. The iguana closely misses you.
The crimson imp barely misses you. The basilisk bites you!!
The iguana bites you.
The crimson imp blinks!
The basilisk bites you!! The iguana bites you!
* * * LOW HITPOINT WARNING * * *
The basilisk bites you!
* * * LOW HITPOINT WARNING * * *
The iguana bites you!
* * * LOW HITPOINT WARNING * * *
The basilisk bites you.
* * * LOW HITPOINT WARNING * * *
The iguana hisses menacingly.
The iguana barely misses you. The basilisk bites you!
* * * LOW HITPOINT WARNING * * *
The iguana barely misses you. The basilisk bites you!!
You die...
Kikubaaqudgha rasps: "You have failed me!
Welcome... oblivion!"

...########.....%....>...l####...
...###..................Y..# ##..
.......##..................# ###
......##...............5Y..#
.........#.................#
....##.########.#####...<..#
###.....#######.# #......#
###.#.#.##....### #.....#######
#.#.#.##...lb.# #............
#...#.##...5l.#######........
##........._(.....###........
##....###......##............
###<...<# #......######......<.
#...##..# ###....#### #........
###.####..# #.#####.###....####
....###...#####)#####.....####
.###.................[.......##


You could see a basilisk, an iguana and a crimson imp.

Vanquished Creatures
  A two-headed ogre (D:7)
  Pikel (D:4)
  A deep elf mage (D:8)
  Joseph (D:7)
  Psyche (D:8)
  A troll (D:8)
  A hippogriff (D:8)
  Sigmund (D:2)
  Eustachio (D:4)
  Grum (D:7)
  Menkaure (D:7)
  Edmund (D:3)
  Duvessa (D:4)
  3 black bears
  An ice beast (D:6)
  2 sky beasts (D:5)
  3 ogres
  2 wolves (D:7)
  2 centaurs
  3 bullfrogs
  Blork the orc (D:4)
  Dowan (D:4)
  4 killer bees (D:8)
  2 howler monkeys (D:4)
  A crimson imp (D:8)
  A bullfrog zombie (D:8)
  A jelly (D:6)
  3 hounds
  An orc wizard (D:3)
  2 orc priests
  Crazy Yiuf (D:2)
  An iguana (D:7)
  Jessica (D:3)
  6 worker ants
  A killer bee zombie (D:7)
  A hound zombie (D:5)
  2 hound skeletons
  A howler monkey zombie (D:5)
  A worker ant zombie (D:5)
  A howler monkey skeleton (D:6)
  6 adders
  2 shadow imps
  4 oozes
  2 adder skeletons
  3 worms
  3 dart slugs
  8 leopard geckos
  4 orcs
  8 bats
  3 giant cockroaches
  8 goblins
  4 hobgoblins
  12 jackals
  A quokka (D:2)
  5 frilled lizards
  A jackal skeleton (D:6)
  7 kobolds
  A leopard gecko zombie (D:5)
  A quokka skeleton (D:4)
  6 rats
151 creatures vanquished.

Vanquished Creatures (others)
  2 slaves
  A jelly (D:7)
  2 hounds
  2 adders
  A dart slug (D:4)
  An orc (D:3)
  A frilled lizard (D:3)
  A kobold (D:3)
11 creatures vanquished.

Grand Total: 162 creatures vanquished

Notes
Turn   | Place    | Note
-------+----------+-------------------------------------------
     0 | D:1      | Lianjan the Vampire Assassin began the quest for the Orb.
     0 | D:1      | Reached XP level 1. HP: 16/16 MP: 1/1
    27 | D:1      | Reached skill level 6 in Stealth
   516 | D:1      | Reached XP level 2. HP: 20/22 MP: 2/2
   847 | D:1      | Reached XP level 3. HP: 14/27 MP: 3/3
  1886 | D:2      | Reached skill level 7 in Stealth
  2286 | D:2      | Found a bloodstained altar of Trog.
  2317 | D:2      | Reached XP level 4. HP: 20/33 MP: 4/4
  2481 | D:2      | Found a white marble altar of Elyvilon.
  2482 | D:2      | Found a stormy altar of Qazlal.
  2482 | D:2      | Found a burning altar of Makhleb.
  2537 | D:2      | Noticed Sigmund
  2538 | D:2      | Killed Sigmund
  2538 | D:2      | Reached skill level 5 in Short Blades
  2538 | D:2      | Reached skill level 8 in Stealth
  2538 | D:2      | Reached XP level 5. HP: 38/38 MP: 5/5
  2663 | D:2      | Found a runed door.
  2815 | D:2      | Noticed Crazy Yiuf
  2819 | D:2      | Killed Crazy Yiuf
  2819 | D:2      | Reached XP level 6. HP: 44/44 MP: 6/6
  3006 | D:3      | Found an ornate altar of the Wu Jian Council.
  3098 | D:3      | Noticed Jessica
  3102 | D:3      | Killed Jessica
  4774 | D:4      | Noticed Edmund
  5144 | D:4      | Noticed Dowan
  5152 | D:4      | Noticed Blork the orc
  5275 | D:3      | Killed Edmund
  5275 | D:3      | Reached skill level 9 in Stealth
  5275 | D:3      | Reached XP level 7. HP: 17/51 MP: 7/7
  5502 | D:4      | Killed Blork the orc
  5556 | D:4      | Noticed Duvessa
  5600 | D:4      | Killed Duvessa
  6221 | D:4      | Killed Dowan
  6264 | D:4      | Noticed Eustachio
  6320 | D:4      | Got a distressingly furry scale mail
  6331 | D:4      | Identified the +5 scale mail "Sodacs" {SInv} (You found it on level 4 of the Dungeon)
  6410 | D:4      | Killed Eustachio
  6410 | D:4      | Reached XP level 8. HP: 39/58 MP: 8/8
  6441 | D:4      | Noticed Pikel
  6452 | D:4      | Paralysed by Pikel for 5 turns
  6472 | D:4      | Killed Pikel
  6472 | D:4      | Reached skill level 10 in Stealth
  6675 | D:4      | Noticed tinyrick's ghost (amateur GrFi)
  6686 | D:4      | Found a shimmering altar of Xom.
  6750 | D:5      | Entered Level 5 of the Dungeon
  7043 | D:5      | Found a staircase to the Ecumenical Temple.
  7085 | Temple   | Entered the Ecumenical Temple
  7158 | Temple   | Became a worshipper of Kikubaaqudgha
  8278 | D:6      | Reached skill level 1 in Necromancy
  8357 | D:6      | Reached XP level 9. HP: 16/66 MP: 8/9
  8777 | D:6      | Found a blossoming altar of Fedhas.
  9323 | D:7      | Noticed Menkaure
  9329 | D:7      | Killed Menkaure
  9329 | D:7      | Reached skill level 11 in Stealth
  9643 | D:7      | Noticed Joseph
  9649 | D:7      | Reached skill level 10 in Short Blades
  9668 | D:7      | Killed Joseph
  9668 | D:7      | Reached skill level 5 in Fighting
  9834 | D:7      | Found a deep blue altar of Sif Muna.
 10416 | D:8      | Noticed Psyche
 10451 | D:8      | Killed Psyche
 10728 | D:8      | Found a sacrificial altar of Ru.
 10785 | D:8      | Noticed a two-headed ogre
 10871 | D:7      | Killed a two-headed ogre
 10871 | D:7      | Reached XP level 10. HP: 12/74 MP: 10/10
 11387 | D:8      | Noticed Grum
 11920 | D:7      | Killed Grum
 11992 | D:8      | Noticed a deep elf mage
 12032 | D:8      | Reached skill level 12 in Stealth
 12136 | D:8      | Killed a deep elf mage
 12162 | D:8      | Reached * piety under Kikubaaqudgha
 12162 | D:8      | Identified Kikubaaqudgha's Guide on Unholy Secrets (Kikubaaqudgha gifted it to you on level 8 of the Dungeon)
 12162 | D:8      | Received a gift from Kikubaaqudgha
 12185 | D:8      | Learned a level 1 spell: Animate Skeleton
 12188 | D:8      | Learned a level 2 spell: Corpse Rot
 12193 | D:8      | Learned a level 4 spell: Control Undead
 12368 | D:8      | HP: 2/76 [basilisk (5)]
 12369 | D:8      | Mangled by a basilisk

Vault maps used:
D:1:      dpeg_arrival_connections, minmay_misc_feat_rows, minmay_quantized
D:2:      minitemple, lemuel_round_altar, first_bread, uniq_crazy_yiuf_cottage,
          uniq_sigmund
D:3:      lemuel_crystal_altar, lemuel_old_faithful, uniq_jessica
D:4:      tgw_xom, uniq_eustachio, uniq_edmund, uniq_blork_the_orc, uniq_pikel,
          uniq_duvessa
D:5:      minmay_temple_entry_enclosed_plants
D:6:      fedhas_altar_decomposition
D:7:      lemuel_upstairs_altar, lemuel_crystal_altar, uniq_menkaure,
          uniq_joseph
D:8:      minmay_bloctagon_deflated, nicolae_overflow_crystal_walls,
          basic_altar, uniq_psyche, uniq_grum
Temple:   minmay_temple_curvy_branch

Skill      XL: |  1  2  3  4  5  6  7  8  9 10 |
---------------+-------------------------------+-----
Stealth        | 6 7 8 9 10 11 12 | 12.2
Short Blades   | 3 5 7 9 10 11 | 11.4
Fighting       | 2 3 4 5 |  5.9
Throwing       | 2 3 4 |  4.8
Necromancy     | 1 4 |  4.9
Dodging        | |  1.1

Action                   |  1- 3 |  4- 6 |  7- 9 | 10-12 || total
-------------------------+-------+-------+-------+-------++-------
Melee: Dagger            |   174 |   224 |    83 |       ||   481
       Bite              |    13 |    34 |    46 |     9 ||   102
       Rapier            |       |       |   260 |    80 ||   340
       Unarmed           |       |       |       |     2 ||     2
 Fire: Blowgun           |       |    10 |    65 |    32 ||   107
Throw: Tomahawk          |       |       |       |     1 ||     1
 Abil: Bat Form          |       |     5 |     5 |     8 ||    18
       End Transformatio |       |     5 |     5 |     7 ||    17
Evoke: Wand              |       |       |       |     6 ||     6
  Use: Potion            |     3 |     6 |     6 |     4 ||    19
       Scroll            |       |     2 |       |     1 ||     3
 Stab: Sleeping          |     8 |    12 |    16 |     1 ||    37
       Distracted        |     1 |       |     1 |       ||     2
       Paralysed         |       |       |       |     1 ||     1
  Eat: Corpse            |       |     1 |     1 |     1 ||     3
Armor: Robe              |    20 |       |       |       ||    20
       Leather armour    |    66 |    56 |     9 |       ||   131
       Scale mail        |       |       |   171 |    51 ||   222
       Ring mail         |       |       |     2 |       ||     2
Dodge: Dodged            |   117 |    80 |   147 |    66 ||   410
